 Dungeon Crawl Stone Soup version 0.30-a0-862-g1aabd4f9c5 (webtiles) character file.

Game seed: 18293718623833829324

16624632 browni3141 the Rhythm of Life and Death (level 27, 199/199 HPs)
             Began as a Kobold Artificer on Mar 9, 2023.
             Was a Follower of Uskayaw.
             Escaped with the Orb
             ... and 15 runes!
             The game lasted 04:21:15 (93201 turns).

browni3141 the Rhythm of Life and Death (KoAr)     Turns: 93201, Time: 04:21:16

Health: 199/199    AC: 20    Str: 17      XL:     27
Magic:  40/40      EV: 59    Int: 17 (18) God:    Uskayaw [*.....]
Gold:   8379       SH: 27    Dex: 34      Spells: 27/30 levels left

rFire   + . .      SeeInvis .    b - +3 eveningstar (holy)
rCold   . . .      Faith    .    L - +5 kite shield {rN+}
rNeg    + + .      Spirit   .    V - +1 robe of Vines {NoPotionHeal Regen++++}
rPois   +          Reflect  .    T - +2 hat of the Scars {Dex+6}
rElec   .          Rampage  +    l - +5 cloak of Foosoet {Rampage rF+}
rCorr   .                        q - +2 pair of gloves {Stlth+}
Will    +++..                    g - +4 pair of boots "Ziucec" {Rampage rPois Dex+4}
Stlth   +++++                    x - amulet of Bicziyt {Drain +Blink Regen+ Int+3}
HPRegen 4.53/turn                R - ring "Ewkin" {rN+ Str+4}
MPRegen 0.27/turn                B - ring "Zoucaam" {rPois Will+ EV+5 Str+3}

@: studying 4 skills
A: small, no large weapons, nightstalker 3, horns 1, clumsy 1, deterioration 1,
inability to drink after injury 1
0: Orb of Zot
}: 15/15 runes: barnacled, slimy, silver, golden, iron, obsidian, icy, bone,
abyssal, demonic, glowing, magical, fiery, dark, gossamer
a: Renounce Religion, Evoke Blink, Stomp


You escaped.
You worshipped Uskayaw.
Uskayaw was exalted by your worship.
You visited 17 branches of the dungeon, and saw 84 of its levels.
You visited Pandemonium 1 time, and saw 11 of its levels.
You visited the Abyss 2 times.
You visited 1 bazaar.
You also visited: Bailey.

You collected 13673 gold pieces.
You spent 5294 gold pieces at shops.

Inventory:

Hand Weapons
 a - the +10 quick blade of Disembowelment {drain, rElec rPois rC++}
   (You acquired it on level 13 of the Dungeon)

   rC:        It greatly protects you from cold.
   rElec:     It insulates you from electricity.
   rPois:     It protects you from poison.
 b - a +3 eveningstar of holy wrath (weapon)
 y - the +7 sceptre of Asmodeus
   (You took it off Asmodeus on level 7 of Gehenna)

   Wielding it grants the ability to summon fiery demons, with success rate
   depending on Evocations skill.
   Those summoned this way will remain friendly only for a limited time.
Missiles
 i - 13 curare-tipped darts
 F - 21 throwing nets
Armour
 g - the +4 pair of boots "Ziucec" (worn) {Rampage rPois Dex+4}
   (You found it on level 9 of the Dungeon)

   Dex:       It affects your dexterity (+4).
   rPois:     It protects you from poison.
   Rampage:   It bestows one free step when moving towards enemies.
 l - the +5 cloak of Foosoet (worn) {Rampage rF+}
   (You found it on level 5 of the Lair of Beasts)

   rF:        It protects you from fire.
   Rampage:   It bestows one free step when moving towards enemies.
 q - a +2 pair of gloves of stealth (worn)
 L - a +5 kite shield of positive energy (worn)
 T - the +2 hat of the Scars (worn) {Dex+6}
   (You found it on level 2 of the Spider Nest)

   Dex:       It affects your dexterity (+6).
 V - the +1 robe of Vines (worn) {NoPotionHeal Regen++++}
   (You found it on level 4 of the Vaults)

   NoPotionHeal: Its wearer cannot be healed by potions.
   Regen:     It increases your rate of health regeneration.
Jewellery
 e - the ring "Nox Onaopt" {rCorr Str+6 Dex+2}
   (You found it on level 12 of the Dungeon)

   [ring of strength]

   Str:       It affects your strength (+6).
   Dex:       It affects your dexterity (+2).
   rCorr:     It protects you from acid and corrosion.
 s - the amulet of Waujip {Reflect rN+++ Int-4 Dex-4 SH+5}
   (You found it on level 3 of the Tomb of the Ancients)

   [amulet of reflection]

   It reflects blocked missile attacks.
   Int:       It affects your intelligence (-4).
   Dex:       It affects your dexterity (-4).
   rN:        It renders you almost immune to negative energy.
   SH:        It affects your SH (+5).
 x - the amulet of Bicziyt (around neck) {Drain +Blink Regen+ Int+3}
   (You found it on level 12 of the Dungeon)

   [amulet of regeneration]

   Int:       It affects your intelligence (+3).
   +Blink:    It lets you blink.
   Regen:     It increases your rate of health regeneration.
   Drain:     It drains your maximum health when unequipped.
 B - the ring "Zoucaam" (right hand) {rPois Will+ EV+5 Str+3}
   (You found it on level 7 of Tartarus)

   [ring of evasion]

   EV:        It affects your evasion (+5).
   Str:       It affects your strength (+3).
   rPois:     It protects you from poison.
   Will:      It increases your willpower.
 M - the ring "Zeme" {rF++ Str+6}
   (You found it in Pandemonium)

   [ring of strength]

   Str:       It affects your strength (+6).
   rF:        It greatly protects you from fire.
 R - the ring "Ewkin" (left hand) {rN+ Str+4}
   (You found it on level 7 of Tartarus)

   [ring of positive energy]

   Str:       It affects your strength (+4).
   rN:        It protects you from negative energy.
Wands
 d - a wand of charming (84)
 n - a wand of quicksilver (10)
 D - a wand of digging (13)
 Q - a wand of mindburst (33)
 S - a wand of roots (32)
Scrolls
 f - a scroll of blinking
 h - 6 scrolls of vulnerability
 o - 16 scrolls of fear
 p - 15 scrolls of teleportation
 r - 6 scrolls of fog
 J - a scroll of silence
 U - a scroll of magic mapping
 W - 3 scrolls of butterflies
 X - 8 scrolls of immolation
Potions
 j - 12 potions of heal wounds
 k - 9 potions of attraction
 m - 5 potions of lignification
 w - 14 potions of curing
 z - 10 potions of ambrosia
 A - 4 potions of resistance
 C - 2 potions of invisibility
 E - a potion of mutation
 G - 6 potions of berserk rage
 H - 10 potions of might
 P - 7 potions of magic
Miscellaneous
 c - a condenser vane
 t - the horn of Geryon
 u - a tin of tremorstones (1/2)
 I - a piece from Xom's chessboard (15/15)
 K - a figurine of a ziggurat
 N - a box of beasts
 O - a phial of floods
 Y - a phantom mirror
 Z - a lightning rod (4/4)


   Skills:
 O Level 27 Fighting
 - Level 12.0 Short Blades
 - Level 16.0 Maces & Flails
 - Level 2.0 Throwing
 - Level 8.0 Armour
 O Level 27 Dodging
 O Level 27 Stealth
 * Level 26.8 Shields
 - Level 2.0 Spellcasting
 - Level 9.0 Translocations
 - Level 5.0 Air Magic
 O Level 27 Invocations
 O Level 27 Evocations


You had 27 spell levels left.
You knew the following spells:

 Your Spells              Type           Power      Damage    Failure   Level
a - Vhi's Electric Charg  Tloc/Air       50%        N/A       3%          3

Your spell library contained the following spells:

 Spells                   Type           Power      Damage    Failure   Level
 Blink                    Tloc           64%        N/A       1%          2
 Lesser Beckoning         Tloc           64%        N/A       1%          2
 Gell's Gravitas          Tloc           32%        N/A       1%          3
 Teleport Other           Tloc           32%        N/A       1%          3
 Momentum Strike          Conj/Tloc      34%        3d8       4%          2
 Manifold Assault         Tloc           32%        N/A       4%          4
 Passage of Golubria      Tloc           32%        N/A       4%          4
 Shock                    Conj/Air       40%        1d5       7%          1
 Swiftness                Air            18%        N/A       8%          3
 Kindle Blastsparks       Fire/Tloc/Air  34%        2d12      9%          3
 Poisonous Vapours        Pois/Air       20%        N/A       11%         2
 Static Discharge         Conj/Air       20%        2-3/arc   11%         2
 Cigotuvi's Dreadful Rot  Necr/Pois/Air  14%        N/A       16%         2
 Beastly Appendage        Tmut           2%         N/A       19%         1
 Freeze                   Ice            4%         1d3       19%         1
 Kiss of Death            Conj/Necr      4%         2d5       19%         1
 Magic Dart               Conj           4%         1d3       19%         1
 Necrotise                Necr           4%         1d4       19%         1
 Sandblast                Erth           2%         2d4       19%         1
 Slow                     Hex            4%         N/A       19%         1
 Sting                    Tmut/Pois      4%         1d3       19%         1
 Summon Small Mammal      Summ           4%         N/A       19%         1
 Airstrike                Air            9%         2d(2-18)  24%         4
 Call Imp                 Summ           1%         N/A       28%         2
 Ensorcelled Hibernation  Hex/Ice        2%         N/A       28%         2
 Passwall                 Tmut/Erth      0%         N/A       28%         2
 Searing Ray              Conj           2%         2d4       28%         2
 Sublimation of Blood     Necr           1%         N/A       28%         2
 Wereblood                Tmut           1%         N/A       28%         2
 Mephitic Cloud           Conj/Pois/Air  7%         N/A       30%         3
 Iskenderun's Mystic Bla  Conj/Tloc      17%        2d5       30%         4
 Confusing Touch          Hex            1%         N/A       50%         3
 Frozen Ramparts          Ice            2%         1d1       50%         3
 Hailstorm                Conj/Ice       1%         3d3       50%         3
 Ignite Poison            Fire/Tmut/Pois 1%         N/A       50%         3
 Inner Flame              Hex/Fire       1%         N/A       50%         3
 Ozocubu's Armour         Ice            1%         N/A       50%         3
 Spider Form              Tmut/Pois      1%         N/A       50%         3
 Stone Arrow              Conj/Erth      2%         3d7       50%         3
 Tukima's Dance           Hex            1%         N/A       50%         3
 Vampiric Draining        Necr           1%         2d6       50%         3
 Summon Lightning Spire   Summ/Air       10%        N/A       56%         4
 Dispersal                Tloc           16%        N/A       58%         6
 Summon Forest            Summ/Tloc      8%         N/A       63%         5
 Anguish                  Hex/Necr       0%         N/A       88%         4
 Animate Armour           Summ/Erth      2%         N/A       88%         4
 Animate Dead             Necr           1%         N/A       88%         4
 Cause Fear               Hex            0%         N/A       88%         4
 Dispel Undead            Necr           1%         3d6       88%         4
 Flame Wave               Conj/Fire      1%         2d4       88%         4
 Fulminant Prism          Conj/Hex       0%         3d5       88%         4
 Ice Form                 Ice/Tmut       1%         N/A       88%         4
 Leda's Liquefaction      Hex/Erth       0%         N/A       88%         4
 Sticky Flame             Conj/Fire      1%         2d3       88%         4
 Summon Ice Beast         Ice/Summ       1%         N/A       88%         4
 Arcjolt                  Conj/Air       5%         1d15      88%         5
 Lightning Bolt           Conj/Air       5%         1d17      88%         5
 Silence                  Hex/Air        5%         N/A       88%         5
 Freezing Cloud           Conj/Ice/Air   3%         6-21      95%         5
 Agony                    Necr           1%         N/A       99%         5
 Blade Hands              Tmut           0%         N/A       99%         5
 Borgnjor's Vile Clutch   Necr/Erth      0%         N/A       99%         5
 Fireball                 Conj/Fire      0%         3d3       99%         5
 Irradiate                Conj/Tmut      0%         3d11      99%         5
 Iskenderun's Battlesphe  Conj           1%         2d6       99%         5
 Lee's Rapid Deconstruct  Erth           0%         3d4*      99%         5
 Metabolic Englaciation   Hex/Ice        0%         N/A       99%         5
 Summon Mana Viper        Hex/Summ       1%         N/A       99%         5
 Yara's Violent Unravell  Hex/Tmut       0%         3d3       99%         5
 Conjure Ball Lightning   Conj/Air       5%         3x3d6     100%        6
 Death Channel            Necr           0%         N/A       100%        6
 Iron Shot                Conj/Erth      0%         9d1       100%        6
 Simulacrum               Ice/Necr       0%         N/A       100%        6
 Statue Form              Tmut/Erth      0%         N/A       100%        6
 Dragon Form              Tmut           0%         N/A       100%        7
 Enfeeble                 Hex            0%         N/A       100%        7
 Monstrous Menagerie      Summ           0%         N/A       100%        7
 Orb of Destruction       Conj           0%         9d5       100%        7
 Spellforged Servitor     Conj/Summ      0%         N/A       100%        7
 Storm Form               Tmut/Air       5%         N/A       100%        7
 Borgnjor's Revivificati  Necr           0%         N/A       100%        8
 Discord                  Hex            0%         N/A       100%        8
 Disjunction              Tloc           16%        N/A       100%        8
 Ignition                 Fire           0%         3d3       100%        8
 Lehudib's Crystal Spear  Conj/Erth      0%         10d2      100%        8
 Maxwell's Capacitive Co  Air            9%         ∞         100%        8
 Necromutation            Tmut/Necr      0%         N/A       100%        8
 Chain Lightning          Conj/Air       5%         3d6       100%        9
 Death's Door             Necr           0%         N/A       100%        9
 Fire Storm               Conj/Fire      0%         6d1       100%        9
 Polar Vortex             Ice            0%         N/A       100%        9
 Shatter                  Erth           0%         3d5*      100%        9


Dungeon Overview and Level Annotations

Branches:
Dungeon (15/15)            Temple (1/1) D:5            Lair (5/5) D:11
 Shoals (4/4) Lair:3       Spider (4/4) Lair:3        Slime (5/5) Lair:5
    Orc (2/2) D:9             Elf (0/3) Orc:2        Vaults (5/5) D:13
  Crypt (3/3) Vaults:3       Tomb (3/3) Crypt:3      Depths (4/4) D:15
   Hell (visited)             Dis (7/7) Hell            Geh (7/7) Hell
    Coc (7/7) Hell            Tar (7/7) Hell            Zot (5/5) Depths:4
 Bailey (visited)

Altars:
Ashenzari
Cheibriados
Dithmenos
Elyvilon
Fedhas
Gozag
Kikubaaqudgha
Makhleb
Nemelex Xobeh
Okawaru
Qazlal
Ru
Sif Muna
Trog
Uskayaw
Vehumet
Wu Jian
Xom
Yredelemnul
Zin
Jiyva
Lugonu

Shops:
D:2 :   D:5 **   D:9 [(   Orc:1 *   Orc:2 *?(?   Shoals:3 :

Portals:
Hell: Depths:1 Depths:2 Depths:3 Depths:4
Abyss: D:13 Lair:5 Depths:1 Depths:3
Pandemonium: Depths:2 Depths:3 Depths:4
Ziggurat: Depths:3

Annotations:
Temple 4 transporters


Innate Abilities, Weirdness & Mutations

You are small and have problems with some larger weapons.
You are completely attuned to the shadows.
You have a pair of small horns on your head.
You are clumsy. (Dex -2)
Your body sometimes deteriorates upon taking damage.
You occasionally lose the ability to drink potions when taking damage.


Message History

You see here a +0 quarterstaff.
There is a stone staircase leading up here.
You climb upwards.
There is a stone staircase leading down here.
There is a stone staircase leading up here.
You climb upwards.
There is a stone staircase leading down here.
There is an open door here.
There is a stone staircase leading up, spattered with blood here.
You climb upwards.
There is a stone staircase leading down here.
There is a stone staircase leading up here.
You climb upwards.
There is a stone staircase leading down here.
A blizzard demon comes into view.
You block the blizzard demon's attack.
The blizzard demon completely misses you.
You hit the blizzard demon.
The blizzard demon convulses.
The blizzard demon is lightly wounded.
You stick the blizzard demon like a pincushion!!!
The blizzard demon convulses!!
You kill the blizzard demon!
You can now pass through a line of other dancers.
You can no longer pass through a line of other dancers.
There is a stone staircase leading up here.
You climb upwards.
There is a stone staircase leading down here.
(D) Dungeon (T) Temple (L) Lair (A) Shoals (N) Spider Nest (M) Slime Pits (O) Orcish Mines (E) Elven Halls (V) Vaults (C) Crypt (W) Tomb (U) Depths (H) Hell (I) Dis (G) Gehenna (X) Cocytus (Y) Tartarus (Z) Zot
Where to? (Enter - D:1 @ (x,y), ? - help)
There is a stone staircase leading up here.
You climb upwards.
There is a stone staircase leading down here.
There is an open door here.
There is a stone staircase leading up here.
You climb upwards.
There is a stone staircase leading down here.
You open the door.
There is an open door here.
There is a staircase leading out of the dungeon here.
You have escaped!

.## #...## #.#.#.##.# ..#
#..## #.#.#....#
..############.###
#.#..###.#
.................# #.##.#
###
###.#######.####'####.##.#
........# #.#.......#.##.#
........# #.#.8.8.8.#.##.#
........# #.#.......#(##.#
........# #.'.8.@.8.'.##.#
........# #.#.......#....#
........# #.#.8.8.8(######
####....###.#.......#
####..#..####'#### ##...##
#...##############
#.#######.................
#>......#.#.#.#######...##
##############.#.#.#.#
####.....


There were no monsters in sight!

Vanquished Creatures
  Cerebov (Pan)
  Antaeus (Coc:7)
  Asmodeus (Geh:7)
  the Royal Jelly (Slime:5)
  Gloorx Vloq (Pan)
  Ereshkigal (Tar:7)
  Lom Lobon (Pan)
  the Serpent of Hell (Coc:7)
  Mnoleg (Pan)
  3 pandemonium lords (Pan)
  Dispater (Dis:7)
  8 dread liches
  5 orbs of fire
  13 ancient liches
  Mara (Depths:1)
  2 juggernauts
  34 royal mummies
  11 Killer Klowns
  Bai Suzhen (Crypt:2)
  Xtahua (Vaults:2)
  A curse toe (Zot:5)
  14 shard shrikes
  18 caustic shrikes
  Geryon (Hell)
  11 golden dragons
  19 profane servitors
  Jory (Depths:3)
  9 bone dragons
  3 iron giants
  7 doom hounds
  3 electric golems
  15 Brimstone Fiends
  13 Tzitzimimeh
  3 spectral shard shrikes
  Mlioglotl (Spider:1)
  9 hellephants
  25 Orb Guardians (Zot:5)
  12 Ice Fiends
  Zenata (Crypt:1)
  24 tainted leviathans
  15 tentacled monstrosities
  10 Hell Sentinels
  10 liches
  4 quicksilver dragons
  10 titans
  Murray (Hell)
  4 death cobs
  30 acid blobs
  13 searing wretches
  18 Executioners (Pan)
  20 ancient champions
  8 sphinxes
  Gastronok (D:10)
  10 tengu reavers
  8 tentacled starspawn
  5 shadow dragons
  12 storm dragons
  A fenstrider witch (Depths:3)
  14 rockslimes
  13 azure jellies
  The ghost of Buakyke the Spry, an adept OpMo of Gozag (Shoals:3)
  10 draconian monks
  15 fire giants
  5 iron dragons
  9 draconian knights
  6 narguns
  14 vault wardens
  Louise (D:15)
  10 frost giants
  3 quicksilver elementals
  5 revenants
  5 demonspawn warmongers (Pan)
  10 emperor scorpions
  8 curse skulls
  37 balrugs
  5 shard shrike simulacra
  11 draconian scorchers
  8 ghouls
  18 ghost moths
  A spectral juggernaut (Tar:4)
  2 orc warlords
  10 draconian shifters
  A broodmother (Spider:3)
  14 cacodemons
  A deep elf elementalist (Depths:3)
  7 draconian stormcallers
  11 draconian annihilators
  A caustic shrike skeleton (Pan)
  13 war gargoyles
  10 very ugly things
  5 demonspawn corrupters (Pan)
  9 reapers
  10 quicksilver oozes
  22 stone giants
  21 ironbound preservers
  4 demonspawn blood saints (Pan)
  9 vampire knights
  15 elemental wellsprings
  An eleionoma (Depths:3)
  3 ironbound thunderhulks
  5 green draconians
  A deep elf demonologist (Vaults:5)
  8 demonspawn black suns (Pan)
  31 putrid mouths
  A starcursed mass (Abyss:3)
  11 purple draconians
  15 black draconians
  7 lorocyprocas
  Azrael (Spider:1)
  7 bennus
  7 spark wasps
  6 white draconians
  18 yellow draconians
  A deep elf annihilator (Pan)
  7 eidola
  4 dire elephants (Vaults:1)
  8 red draconians
  14 wendigos
  An ettin (shapeshifter) (Vaults:5)
  4 deep elf death magi
  Snorg (D:14)
  3 iron golems
  6 merfolk javelineers
  18 mummy priests
  2 crystal guardians (Vaults:3)
  6 green deaths
  13 ettins
  11 fire dragons
  6 spectral spriggans
  15 merfolk impalers
  9 blizzard demons
  A fenstrider witch zombie (Crypt:1)
  10 entropy weavers
  28 jiangshi
  The ghost of luigi the Destroyer, a journeyman DsEE of Vehumet (D:13)
  15 great orbs of eyes
  A deep elf high priest (Vaults:2)
  17 salamander tyrants
  A spectral kraken (Tar:7)
  Josephine (D:11)
  7 rakshasas
  29 vault guards
  16 yaktaur captains
  A spectral fenstrider witch (Tar:2)
  Fannar (Lair:1)
  11 ice dragons
  A jorogumo (Spider:2)
  A spriggan zombie (Crypt:2)
  2 quicksilver dragon skeletons
  3 peacekeepers
  A hell beast (Pan)
  4 hydras
  5 centaur warriors
  3 radroaches (Spider:2)
  10 juggernaut simulacra
  Erolcha (D:10)
  4 ogre magi
  5 spriggan air magi
  6 caustic shrike simulacra
  4 alligator snapping turtles
  A death knight (Crypt:1)
  10 ironbound frosthearts
  17 two-headed ogres
  7 merfolk aquamancers
  4 death yaks (Lair:3)
  7 stokers
  13 boulder beetles
  3 spriggan skeletons
  3 fenstrider witch skeletons
  An Orb Guardian skeleton (Crypt:3)
  3 satyrs
  A naga warrior (Abyss:3)
  Urug (Orc:1)
  7 deep troll shamans
  41 death scarabs
  A spectral dire elephant (Tar:2)
  10 tengu warriors
  12 deep troll earth magi
  3 orc high priests
  30 hell hogs
  6 thrashing horrors
  4 spectral nagas
  9 vampire magi
  7 crystal echidnas
  9 skysharks
  An azure jelly zombie (Crypt:3)
  A titan zombie (Vaults:4)
  Sonja (D:10)
  8 spriggan berserkers
  26 soul eaters
  46 sun demons
  A storm dragon zombie (Crypt:1)
  The ghost of bmack86 the Cleaver, a novice MiFi of Okawaru (D:9)
  An emperor scorpion zombie (Crypt:2)
  7 shadow wraiths
  An iron troll (Depths:3)
  A titan skeleton (Crypt:1)
  A wretched star (Abyss:2)
  15 hell knights
  A spatial maelstrom (Abyss:3)
  23 skeletal warriors
  6 pharaoh ants
  6 sea snakes
  5 sun moths
  13 sixfirhies
  4 anaconda zombies
  A goliath frog (shapeshifter) (Depths:2)
  2 spriggan druids (Depths:3)
  10 glowing orange brains
  7 flayed ghosts
  5 quicksilver dragon simulacra
  2 shadow demons
  A bunyip zombie (Crypt:2)
  7 orb spiders
  A kraken simulacrum (Hell)
  12 phantasmal warriors
  A glowing orange brain (shapeshifter) (Lair:5)
  2 spectral iron dragons (Tar:3)
  75 deep trolls
  5 spriggan simulacra
  2 obsidian statues
  A spectral wolf spider (D:9)
  8 bog bodies
  An orange crystal statue (D:10)
  A lindwurm (shapeshifter) (D:15)
  7 wizards
  3 bunyip skeletons
  11 steelbarb worms
  A harpy (shapeshifter) (Abyss:2)
  2 deep elf pyromancers
  15 necromancers
  An anaconda skeleton (Pan)
  16 ironbound convokers
  6 lindwurms
  19 fauns
  18 orc knights
  14 manticores
  A stone giant zombie (Crypt:1)
  5 shining eyes
  13 wolf spiders
  2 orc sorcerers (Orc:2)
  2 shadow dragon skeletons
  A faun (shapeshifter) (Vaults:5)
  A spectral alligator snapping turtle (Tar:2)
  A worldbinder (Abyss:3)
  A cyclops (shapeshifter) (D:13)
  30 ugly things
  22 moths of wrath
  9 cyclopes
  2 spectral centaurs (D:9)
  An iron dragon skeleton (Crypt:2)
  2 salamanders
  A guardian serpent (Abyss:3)
  Joseph (D:10)
  15 demonic crawlers
  A black mamba (Lair:5)
  10 water nymphs
  26 smoke demons
  2 centaur skeletons (Pan)
  10 molten gargoyles
  9 vault sentinels
  2 titan simulacra
  10 rust devils
  A naga mage (Abyss:3)
  2 dire elephant zombies
  2 gargoyles
  9 eyes of devastation
  9 merfolk sirens
  A torpor snail (Spider:4)
  10 spectral swamp worms (Tar:7)
  Maggie (D:7)
  13 orange demons
  13 cane toads
  A yaktaur zombie (Vaults:1)
  An ice statue (D:13)
  A green draconian zombie (Crypt:3)
  A catoblepas zombie (Crypt:2)
  11 komodo dragons
  2 dire elephant skeletons
  25 hellions
  An elf skeleton (Vaults:4)
  2 kobold demonologists
  2 unseen horrors (D:12)
  21 yaktaurs
  A komodo dragon (shapeshifter) (Abyss:2)
  6 freezing wraiths
  8 tengu conjurers
  10 tormentors
  6 ice devils
  2 sea snake zombies (Hell)
  An alligator snapping turtle skeleton (Pan)
  3 anaconda simulacra
  22 guardian mummies
  6 efreet
  A rime drake (Lair:5)
  3 dryads (Depths:3)
  4 ancient zymes
  A bunyip simulacrum (Coc:1)
  2 golden dragon simulacra
  2 silent spectres
  An iron giant simulacrum (Coc:7)
  3 harpy zombies
  2 hydra zombies (Hell)
  A minotaur skeleton (Crypt:3)
  3 spectral harpies
  14 meliai
  34 merfolk
  A shadow dragon simulacrum (Hell)
  A sea snake skeleton (Crypt:2)
  4 tyrant leeches (Depths:3)
  A polar bear (Lair:3)
  A queen bee (shapeshifter) (D:12)
  11 trolls
  A white draconian skeleton (Crypt:1)
  3 hornets
  18 large abominations
  3 red devils
  2 mana viper skeletons
  13 hellwings
  2 ettin zombies
  26 tarantellas
  Grinder (D:4)
  A blink frog (shapeshifter) (D:13)
  5 harpy skeletons
  8 wind drakes
  A hornet (shapeshifter) (D:13)
  18 blink frogs
  2 iron dragon simulacra
  2 stone giant simulacra
  A jumping spider zombie (Crypt:3)
  2 raiju (Abyss:3)
  8 snapping turtles
  120 slime creatures
  14 dream sheep
  4 air elementals (Shoals:4)
  A fire dragon skeleton (Crypt:2)
  28 water elementals
  2 shadows
  3 spriggans
  2 alligator zombies (Hell)
  2 black mamba zombies
  18 culicivoras
  7 centaur simulacra
  12 wraiths
  31 jumping spiders
  8 naga simulacra
  24 flying skulls
  13 ynoxinuls
  A spriggan (shapeshifter) (D:13)
  7 dire elephant simulacra
  4 golden eyes
  9 basilisks
  3 hogs (D:10)
  4 wyverns
  71 redbacks
  7 ushabtiu
  A steam dragon (D:7)
  56 yaks
  13 chaos spawn
  2 fire elementals (Spider:1)
  A human (D:10)
  Grum (Lair:1)
  20 neqoxecs
  2 black mamba skeletons (Pan)
  9 vampire mosquitoes
  A swamp worm (shapeshifter) (Depths:2)
  12 harpy simulacra
  5 wargs
  A naga (Abyss:3)
  A demonspawn zombie (Crypt:2)
  2 floating eyes
  3 acid dragons
  15 water moccasins
  2 hell hounds (Spider:1)
  2 hydra simulacra
  A two-headed ogre skeleton (Pan)
  A floating eye (shapeshifter) (D:12)
  5 sky beasts
  A swamp dragon zombie (Crypt:1)
  A black bear (D:5)
  5 ice beasts
  40 orc warriors
  4 manticore zombies (Shoals:2)
  8 ettin simulacra
  A hornet zombie (D:7)
  A blink frog zombie (Crypt:1)
  25 ogres
  5 boggarts (Vaults:1)
  10 centaurs
  14 wolves
  A phantom (D:6)
  4 kobold brigands
  Blork the orc (D:4)
  A fire crab zombie (Crypt:2)
  A rime drake skeleton (Crypt:1)
  6 necrophages
  A salamander skeleton (Crypt:2)
  9 bullfrogs
  2 gnoll sergeants
  An earth elemental (Abyss:3)
  A komodo dragon skeleton (Crypt:3)
  2 scorpions
  14 small abominations
  4 wights
  23 killer bees
  A swamp dragon simulacrum (Coc:1)
  3 howler monkeys
  3 electric eels
  5 centaur zombies
  A bullfrog zombie (D:7)
  3 hounds
  15 jellies
  2 gnoll boudas
  A human zombie (D:7)
  18 orc priests
  An iron imp (Pan)
  4 iguanas
  23 orc wizards
  A human skeleton (Crypt:2)
  2 sleepcaps (D:6)
  A boggart skeleton (Crypt:3)
  A killer bee zombie (D:7)
  38 mummies
  2 howler monkey zombies (D:7)
  7 adders
  19 gnolls
  3 white imps
  2 ufetubi
  An adder zombie (Crypt:1)
  3 dart slugs
  A worm (D:15)
  71 orcs
  A bat zombie (Shoals:2)
  4 endoplasms
  4 giant cockroaches
  7 goblins
  15 hobgoblins
  4 jackals (D:1)
  A quokka (D:2)
  8 ball pythons
  A ball python skeleton (Crypt:1)
  A ball python zombie (Crypt:3)
  6 bats
  5 frilled lizards
  2 frilled lizard zombies (Crypt:1)
  33 kobolds
  A kobold zombie (Crypt:1)
  6 rats
  3 creeping infernos
  23 fire vortices
  2 snaplasher vines (Depths:3)
  9 starspawn tentacles
3596 creatures vanquished.

Vanquished Creatures (collateral kills)
  An ancient lich (Crypt:3)
  2 caustic shrikes (Dis:6)
  A Brimstone Fiend (Geh:6)
  3 Hell Sentinels (Dis:7)
  A fenstrider witch (Depths:3)
  A cacodemon (Pan)
  A war gargoyle (Dis:2)
  An iron golem (Dis:6)
  A stoker (Geh:6)
  2 crystal echidnas
  An orb spider (Spider:4)
  A deep elf pyromancer (D:13)
  A large abomination (Pan)
  2 wolf spiders
  A demonic crawler (Spider:4)
  A moth of wrath (Spider:1)
  An orange demon (Pan)
  A dryad (Depths:3)
  A tormentor (Dis:2)
  A tengu conjurer (Depths:3)
  A culicivora (Spider:1)
  2 redbacks (Spider:1)
28 creatures vanquished.

Vanquished Creatures (others)
  A tentacled monstrosity (Zot:5)
  A fire giant (Geh:3)
  A shard shrike simulacrum (Coc:7)
  A draconian shifter (Zot:1)
  A rakshasa (Pan)
  A juggernaut simulacrum (Coc:7)
  A wolf spider (Spider:4)
  A titan simulacrum (Coc:2)
  An orange demon (Pan)
  2 guardian mummies (Tomb:2)
  A dire elephant simulacrum (Coc:7)
  2 chaos spawn (Pan)
  An ushabti (Tomb:2)
  A golden eye (Abyss:3)
  An orc wizard (Orc:2)
  A mummy (Tomb:2)
  3 creeping infernos
  2 fire vortices
  19 fungi
  A lurking horror (Abyss:3)
  34 plants
  9 starspawn tentacles
  4 tentacles (Hell)
90 creatures vanquished.

Grand Total: 3714 creatures vanquished

Notes
Turn   | Place    | Note
-------+----------+-------------------------------------------
     0 | D:1      | browni3141 the Kobold Artificer began the quest for the
                  | Orb.
     0 | D:1      | Reached XP level 1. HP: 12/12 MP: 1/1
   141 | D:1      | Reached XP level 2. HP: 17/17 MP: 2/2
   539 | D:1      | Reached XP level 3. HP: 21/21 MP: 3/3
  1433 | D:2      | Reached skill level 1 in Throwing
  1587 | D:2      | Found a faded altar of an unknown god.
  1699 | D:2      | Found Etahotu's Book Boutique.
  1723 | D:2      | Reached skill level 1 in Short Blades
  1723 | D:2      | Reached XP level 4. HP: 6/26 MP: 4/4
  2493 | D:3      | Found a shimmering blue altar of Sif Muna.
  2938 | D:4      | Noticed Blork the orc
  2943 | D:4      | Killed Blork the orc
  2944 | D:4      | Reached skill level 1 in Armour
  2944 | D:4      | Reached XP level 5. HP: 21/30 MP: 5/5
  2944 | D:4      | Noticed Grinder
  3101 | D:4      | Noticed an ogre
  3136 | D:4      | Reached XP level 6. HP: 34/35 MP: 6/6
  3268 | D:4      | Found an iron altar of Okawaru.
  3926 | D:4      | Killed an ogre
  3927 | D:4      | Reached skill level 5 in Short Blades
  4154 | D:4      | Killed Grinder
  4155 | D:4      | Reached XP level 7. HP: 40/40 MP: 7/7
  4279 | D:5      | Entered Level 5 of the Dungeon
  4400 | D:5      | Reached skill level 5 in Stealth
  4400 | D:5      | Reached XP level 8. HP: 44/44 MP: 8/8
  4428 | D:5      | Found a staircase to the Ecumenical Temple.
  4470 | Temple   | Entered the Ecumenical Temple
  4473 | Temple   | Found a transporter.
  4473 | Temple   | Found a transporter.
  4475 | Temple   | Found a transporter.
  4475 | Temple   | Found a transporter.
  4488 | Temple   | Became a worshipper of Uskayaw the Reveller
  4531 | D:5      | Reached * piety under Uskayaw
  4593 | D:5      | Reached ** piety under Uskayaw
  4695 | D:5      | Found Aqelun's General Store.
  4696 | D:5      | Found Raerr's Specific Store.
  4704 | D:5      | Bought a potion of curing for 39 gold pieces
  4704 | D:5      | Bought a potion of haste for 130 gold pieces
  4704 | D:5      | Bought a scroll of identify for 26 gold pieces
  5154 | D:6      | Identified the +2 robe of Kindness {Rampage Str+3 Int+3}
  5397 | D:6      | Reached skill level 1 in Invocations
  5397 | D:6      | Reached XP level 9. HP: 48/48 MP: 8/10
  5875 | D:6      | Reached skill level 5 in Invocations
  5890 | D:6      | Reached *** piety under Uskayaw
  6154 | D:6      | Found a glowing silver altar of Zin.
  6156 | D:6      | Found a broken altar of Ashenzari.
  6157 | D:6      | Found an ancient bone altar of Kikubaaqudgha.
  6157 | D:6      | Found a sparkling altar of Nemelex Xobeh.
  6231 | D:6      | Reached **** piety under Uskayaw
  6813 | D:7      | Noticed Maggie
  6815 | D:7      | Killed Maggie
  6843 | D:7      | Reached XP level 10. HP: 27/54 MP: 7/16
  7215 | D:7      | Reached skill level 10 in Stealth
  7298 | D:7      | Reached skill level 5 in Dodging
  7662 | D:7      | Found a basalt altar of Yredelemnul.
  7683 | D:7      | Reached ***** piety under Uskayaw
  8127 | D:8      | Found a shadowy altar of Dithmenos.
  8154 | D:8      | Found a bloodstained altar of Trog.
  8181 | D:8      | Found a flagged portal.
  8205 | Bailey   | Entered a bailey
  8235 | Bailey   | Noticed an orc knight
  8244 | Bailey   | Killed an orc knight
  8245 | Bailey   | Reached skill level 5 in Fighting
  9000 | Bailey   | Reached XP level 11. HP: 35/64 MP: 10/17
  9346 | D:8      | Noticed a two-headed ogre
  9574 | D:8      | Found a burning altar of Makhleb.
 10007 | D:8      | Found an ornate altar of the Wu Jian Council.
 10125 | D:8      | Killed a two-headed ogre
 10442 | D:9      | Identified the +5 scale mail of Liberalism {-Cast rN++
                  | Regen+ SInv}
 10562 | D:9      | Found Cutoaps's Weapon Emporium.
 10562 | D:9      | Found a staircase to the Orcish Mines.
 10562 | D:9      | Found Pemot's Armour Emporium.
 10579 | D:9      | Bought a +1 helmet of see invisible for 198 gold pieces
 10909 | D:9      | Found a runed translucent gate.
 10909 | D:9      | Found a runed translucent gate.
 10910 | D:9      | Found a runed translucent gate.
 10910 | D:9      | Noticed a spectral wolf spider
 11468 | D:10     | Entered Level 10 of the Dungeon
 11468 | D:10     | Noticed Joseph
 11490 | D:10     | Killed Joseph
 11747 | D:10     | Noticed an orange crystal statue
 11811 | D:10     | Noticed Erolcha
 11821 | D:10     | Killed Erolcha
 11861 | D:10     | Noticed Sonja
 11867 | D:10     | Killed Sonja
 11965 | D:10     | Reached XP level 12. HP: 64/72 MP: 18/18
 12347 | D:10     | Noticed Gastronok
 12377 | D:10     | Killed Gastronok
 12378 | D:10     | Reached skill level 10 in Evocations
 12602 | D:11     | Reached skill level 5 in Armour
 12603 | D:11     | Noticed Josephine
 12610 | D:11     | Killed Josephine
 12839 | D:11     | Noticed a boulder beetle
 12868 | D:11     | Killed a boulder beetle
 12951 | D:11     | Reached skill level 10 in Invocations
 13085 | D:11     | Found a staircase to the Lair.
 13236 | D:11     | Found a blossoming altar of Fedhas.
 13540 | D:12     | Reached XP level 13. HP: 61/78 MP: 2/21
 13746 | D:12     | Noticed a centaur warrior
 13761 | D:12     | Killed a centaur warrior
 13809 | D:12     | Noticed an ogre mage
 13816 | D:12     | Killed an ogre mage
 13955 | D:12     | Noticed a tengu reaver
 13961 | D:12     | Noticed a tengu reaver
 13969 | D:12     | Killed a tengu reaver
 14036 | D:12     | Noticed an eight-headed hydra
 14080 | D:12     | Killed an eight-headed hydra
 14232 | D:12     | Learned a level 3 spell: Vhi's Electric Charge
 14479 | D:12     | Reached skill level 1 in Spellcasting
 14479 | D:12     | Reached skill level 1 in Translocations
 14490 | D:12     | Identified the amulet of Bicziyt {Drain +Blink Regen+
                  | Int+3}
 14637 | D:12     | Killed a tengu reaver
 14826 | D:12     | Identified the ring "Nox Onaopt" {rCorr Str+6 Dex+2}
 15001 | Lair:1   | Entered Level 1 of the Lair of Beasts
 15009 | Lair:1   | Noticed Grum
 15015 | Lair:1   | Reached skill level 1 in Shields
 15017 | Lair:1   | Killed Grum
 15309 | D:5      | Bought a potion of heal wounds for 65 gold pieces
 15702 | Lair:1   | Reached skill level 10 in Dodging
 15785 | Lair:1   | Reached XP level 14. HP: 74/87 MP: 13/23
 16074 | Lair:1   | Noticed Fannar
 16098 | Lair:1   | Killed Fannar
 16376 | Lair:1   | Reached skill level 10 in Fighting
 17630 | Lair:3   | Found a hole to the Spider Nest.
 17669 | Lair:3   | Reached skill level 10 in Short Blades
 17751 | Lair:3   | Identified the +1 chain mail of Babbesoa {Harm Int+7 Dex-3}
 17942 | Lair:3   | Reached skill level 5 in Shields
 18034 | Lair:3   | Reached skill level 15 in Stealth
 18159 | Lair:3   | Found a staircase to the Shoals.
 19520 | Lair:4   | Identified a scroll of acquirement
 20046 | Lair:5   | Entered Level 5 of the Lair of Beasts
 20305 | Lair:5   | Reached XP level 15. HP: 92/92 MP: 24/24
 20451 | Lair:5   | Found a staircase to the Slime Pits.
 20452 | Lair:5   | Found a viscous altar of Jiyva.
 20684 | Lair:5   | Reached ****** piety under Uskayaw
 20830 | Lair:5   | Identified the +5 cloak of Foosoet {Rampage rF+}
 21210 | Lair:5   | Found a corrupted altar of Lugonu.
 21211 | Lair:5   | Found a one-way gate to the infinite horrors of the Abyss.
 21830 | D:13     | Found a transporter.
 22120 | D:13     | Acquired the +10 quick blade of Disembowelment {drain,
                  | rElec rPois rC++}
 22341 | D:13     | Found a gate to the Vaults.
 22662 | D:13     | Found a transporter.
 22745 | D:13     | Noticed luigi's ghost (journeyman DsEE)
 23232 | D:14     | You fall into a shaft and drop 1 floor!
 23232 | D:15     | Entered Level 15 of the Dungeon
 23234 | D:15     | Found a snail-covered altar of Cheibriados.
 23270 | D:15     | Noticed Louise
 23276 | D:15     | Killed Louise
 23519 | D:15     | Reached XP level 16. HP: 96/100 MP: 15/26
 23657 | D:15     | Identified the +2 rapier "Jiosaq" {heavy, rN+ MP+9 Dex+3}
 23969 | D:15     | Found a staircase to the Depths.
 24141 | D:15     | Acquired 636 gold pieces
 24543 | D:14     | Noticed Snorg
 24546 | D:14     | Killed Snorg
 25543 | Orc:1    | Entered Level 1 of the Orcish Mines
 25722 | Orc:1    | Found Rovadaimp's Assorted Antiques.
 25745 | Orc:1    | Bought a potion of curing for 99 gold pieces
 25745 | Orc:1    | Bought a shiny kite shield for 247 gold pieces
 25752 | Orc:1    | Noticed Urug
 25756 | Orc:1    | Killed Urug
 25757 | Orc:1    | Reached skill level 1 in Maces & Flails
 25810 | Orc:1    | Found a burning altar of Makhleb.
 26065 | Orc:2    | Entered Level 2 of the Orcish Mines
 26080 | Orc:2    | Reached skill level 15 in Invocations
 26093 | Orc:2    | Found Asutosch's Antique Weapon Boutique.
 26149 | Orc:1    | Reached skill level 5 in Maces & Flails
 26304 | Orc:2    | Found Kuwk's General Store.
 26309 | Orc:2    | Bought a scroll of fog for 56 gold pieces
 26309 | Orc:2    | Bought a scroll of identify for 28 gold pieces
 26309 | Orc:2    | Bought a potion of heal wounds for 70 gold pieces
 26309 | Orc:2    | Bought a wand of digging (3) for 176 gold pieces
 26309 | Orc:2    | Bought a scroll of identify for 28 gold pieces
 26309 | Orc:2    | Bought a wand of flame (13) for 127 gold pieces
 26309 | Orc:2    | Bought a scroll of identify for 28 gold pieces
 26312 | Orc:2    | Found Poepeash's Magic Scroll Boutique.
 26317 | Orc:2    | Bought a scroll of teleportation for 39 gold pieces
 26317 | Orc:2    | Bought a scroll of torment for 123 gold pieces
 26317 | Orc:2    | Bought a scroll of enchant armour for 97 gold pieces
 26317 | Orc:2    | Bought a scroll of fog for 52 gold pieces
 26317 | Orc:2    | Found Megulaje's Magic Scroll Shop.
 26322 | Orc:2    | Bought a scroll of teleportation for 45 gold pieces
 26322 | Orc:2    | Bought a scroll of immolation for 60 gold pieces
 26322 | Orc:2    | Bought a scroll of immolation for 60 gold pieces
 26322 | Orc:2    | Bought a scroll of teleportation for 45 gold pieces
 26346 | Orc:2    | Found a staircase to the Elven Halls.
 27019 | Orc:2    | Bought a scroll of enchant weapon for 112 gold pieces
 27329 | Spider:1 | Entered Level 1 of the Spider Nest
 27381 | Spider:1 | Noticed an emperor scorpion
 27428 | Spider:1 | Noticed Mlioglotl
 27492 | Spider:1 | Killed an emperor scorpion
 27493 | Spider:1 | Reached XP level 17. HP: 33/104 MP: 23/28
 28555 | Spider:4 | Entered Level 4 of the Spider Nest
 29175 | Spider:4 | Identified the +0 ring mail "Kaopp" {rC- Regen+ Int+5
                  | Dex+3}
 30459 | Spider:4 | Reached XP level 18. HP: 110/110 MP: 29/29
 30499 | Spider:4 | Got a gossamer rune of Zot
 31601 | Spider:3 | Reached skill level 10 in Shields
 33183 | Spider:2 | Identified the +2 hat of the Scars {Dex+6}
 33416 | Spider:1 | Noticed Azrael
 33420 | Spider:1 | Killed Azrael
 33734 | Spider:1 | Killed Mlioglotl
 34248 | Shoals:1 | Entered Level 1 of the Shoals
 34369 | Shoals:1 | Reached XP level 19. HP: 105/114 MP: 28/31
 34491 | Shoals:1 | Found a flickering gateway to a bazaar.
 34510 | Bazaar   | Entered a bazaar
 34538 | Bazaar   | Found Ororya's Book Emporium.
 34559 | Bazaar   | Found Murr's Book Shop.
 34611 | Bazaar   | Found Vuok's General Store.
 34616 | Bazaar   | Bought a scroll of fear for 64 gold pieces
 34616 | Bazaar   | Bought a scroll of blinking for 120 gold pieces
 34616 | Bazaar   | Bought a scroll of vulnerability for 64 gold pieces
 34616 | Bazaar   | Bought a scroll of enchant armour for 120 gold pieces
 34616 | Bazaar   | Bought a scroll of fear for 64 gold pieces
 34626 | Bazaar   | Found Inliaj's General Store.
 34650 | Bazaar   | Bought a manual of Stealth for 960 gold pieces
 34669 | Bazaar   | Bought a potion of heal wounds for 65 gold pieces
 34669 | Bazaar   | Bought a scroll of teleportation for 39 gold pieces
 34669 | Bazaar   | Bought a +1 pair of gloves of stealth for 214 gold pieces
 35465 | Shoals:1 | Identified the +3 ring mail of Qocio {Dex+3}
 36497 | Shoals:2 | You are sucked into a shaft and drop 1 floor!
 36497 | Shoals:3 | Found Rubu's Vocational Training.
 37202 | Shoals:3 | Found a runed translucent gate.
 37202 | Shoals:3 | Found a runed translucent gate.
 37202 | Shoals:3 | Found a runed translucent gate.
 37452 | Shoals:3 | Noticed a titan
 37455 | Shoals:3 | Killed a titan
 37695 | Shoals:3 | Found an opulent altar of Gozag.
 37707 | Shoals:3 | Noticed Buakyke's ghost (adept OpMo)
 37733 | Shoals:4 | Entered Level 4 of the Shoals
 38071 | Shoals:4 | Reached XP level 20. HP: 120/120 MP: 33/33
 38431 | Shoals:4 | Identified the +9 trident "Hiddonge" {venom, Dex+6}
 38450 | Shoals:4 | Got a barnacled rune of Zot
 39364 | D:3      | Got Sif Muna's Directory of Leadership
 39704 | D:9      | Noticed bmack86's ghost (novice MiFi)
 39725 | D:9      | Identified the +4 pair of boots "Ziucec" {Rampage rPois
                  | Dex+4}
 39728 | D:9      | Killed bmack86's ghost
 40135 | D:13     | Killed luigi's ghost
 40206 | Vaults:1 | Entered Level 1 of the Vaults
 41844 | Vaults:2 | Noticed Xtahua
 41847 | Vaults:2 | Killed Xtahua
 41848 | Vaults:2 | Reached XP level 21. HP: 124/124 MP: 35/35
 43531 | Vaults:3 | Noticed a bone dragon
 43534 | Vaults:3 | Killed a bone dragon
 43673 | Vaults:3 | Found a staircase to the Crypt.
 44045 | Vaults:3 | Reached XP level 22. HP: 130/130 MP: 31/36
 44724 | Vaults:4 | Found a transporter.
 45192 | Vaults:4 | Found a transporter.
 45214 | Vaults:4 | Found the +1 robe of Vines {NoPotionHeal Regen++++}
 45435 | Vaults:4 | Identified the +0 hat of the Sparrow {rF+ Str+3}
 45575 | Vaults:5 | Entered Level 5 of the Vaults
 45590 | Vaults:5 | Reached skill level 1 in Air Magic
 45619 | Vaults:5 | Noticed a dread lich
 45624 | Vaults:5 | Killed a dread lich
 45717 | Vaults:5 | Reached skill level 5 in Translocations
 45821 | Vaults:5 | Reached skill level 15 in Evocations
 45828 | Vaults:5 | Noticed a dread lich
 45847 | Vaults:5 | Killed a dread lich
 46012 | Vaults:5 | Identified the ring "Usmy" {rElec rC- rN+ SInv}
 46147 | Vaults:5 | Reached XP level 23. HP: 135/135 MP: 38/38
 46363 | Vaults:5 | Got a silver rune of Zot
 46450 | Vaults:5 | Noticed a golden dragon
 46462 | Vaults:5 | Killed a golden dragon
 46521 | Vaults:5 | Identified the ring of Volam {rF+ rN+ Str+2 Dex-4}
 46719 | Vaults:5 | Noticed an ancient lich
 46732 | Vaults:5 | Killed an ancient lich
 46757 | Vaults:5 | Identified the +3 arbalest of the Desolation of Salt
                  | {heavy, rC+}
 46758 | Vaults:5 | Identified the amulet "Anweptuu" {Acrobat *Corrode rElec
                  | Int+4 Dex-4}
 47216 | Vaults:5 | Identified the +5 falchion "Vionut" {pain, Contam rN++
                  | Will+ MP+9}
 47294 | Vaults:5 | Reached XP level 24. HP: 137/137 MP: 38/38
 47618 | Slime:1  | Entered Level 1 of the Pits of Slime
 47989 | Slime:2  | You fall into a shaft and drop 1 floor!
 48130 | Slime:2  | Paralysed by a great orb of eyes for 4 turns
 49712 | Slime:5  | Entered Level 5 of the Pits of Slime
 49813 | Slime:5  | Noticed the Royal Jelly
 49818 | Slime:5  | Killed the Royal Jelly
 49824 | Slime:5  | Reached XP level 25. HP: 86/145 MP: 33/39
 50085 | Slime:5  | Identified the +3 war axe of Abuse {flame, rC+ Will+}
 50114 | Slime:5  | Reached skill level 15 in Dodging
 50199 | Slime:5  | Got a slimy rune of Zot
 50204 | Slime:5  | Identified the ring "Lenut" {+Blink Will+}
 50221 | Slime:5  | Identified the +5 ring mail of Eteb {rElec rN+ Regen+}
 50233 | Slime:5  | Identified the +8 short sword of Hepliaklqana {vamp, rCorr
                  | Int+7}
 51202 | Depths:1 | Entered Level 1 of the Depths
 51537 | Depths:1 | Found a gateway to Hell.
 51954 | Depths:1 | Noticed Mara
 51957 | Depths:1 | Noticed browni3141's illusion
 51994 | Depths:1 | Killed Mara
 52738 | Depths:2 | Found an ancient bone altar of Kikubaaqudgha.
 53175 | Depths:2 | Identified the amulet "Uquisob" {rF+ Regen+}
 53288 | Depths:2 | Found the +10 Black Knight's barding {ponderous, rPois rN+}
 53389 | Depths:2 | Reached XP level 26. HP: 153/154 MP: 37/39
 53731 | Depths:2 | Found a one-way gate leading to the halls of Pandemonium.
 53883 | Depths:3 | Noticed Jory
 53902 | Depths:3 | Killed Jory
 53928 | Depths:3 | Found the +3 pair of mountain boots {steadfast, rC+}
 54665 | Depths:3 | Found a one-way gateway to a ziggurat.
 55261 | Depths:4 | Entered Level 4 of the Depths
 55448 | Depths:4 | Found a bloodstained altar of Trog.
 55469 | Depths:4 | Identified the +6 dagger of the Hummingbird {freeze, MP+9
                  | Int+3}
 55817 | Depths:4 | Noticed a juggernaut
 55821 | Depths:4 | Killed a juggernaut
 56110 | Depths:4 | Found a gate to the Realm of Zot.
 56279 | Zot:1    | Entered Level 1 of the Realm of Zot
 56322 | Zot:1    | Reached XP level 27. HP: 162/162 MP: 40/40
 57052 | Zot:2    | Noticed an orb of fire
 57052 | Zot:2    | Gained mutation: You are vulnerable to heat. (rF-) [an orb
                  | of fire]
 57053 | Zot:2    | Gained mutation: You are clumsy. (Dex -2) [an orb of fire]
 57060 | Zot:2    | Gained mutation: You are very clumsy. (Dex -4) [an orb of
                  | fire]
 57062 | Zot:2    | Gained mutation: You are vulnerable to cold. (rC-) [an orb
                  | of fire]
 57067 | Zot:2    | Gained mutation: Armour fits poorly on your strangely
                  | shaped body. [an orb of fire]
 57068 | Zot:2    | Gained mutation: Potions are less effective at restoring
                  | your health. [an orb of fire]
 57073 | Zot:2    | Gained mutation: You are weak. (Str -2) [an orb of fire]
 57077 | Zot:2    | Killed an orb of fire
 57462 | Zot:2    | Acquired the +0 helmet of Daisies {rF++ rN++ rCorr}
 59849 | Zot:3    | Noticed a Killer Klown
 59851 | Zot:3    | Killed a Killer Klown
 59852 | Zot:3    | Reached skill level 27 in Invocations
 59913 | Zot:3    | Reached skill level 15 in Fighting
 60488 | Zot:4    | Identified the +2 pair of boots of the Sun {Harm rPois
                  | Int+5 SInv}
 61085 | Zot:4    | Identified the +5 chain mail "Hurig" {Harm rCorr Stlth+}
 61334 | Zot:5    | Entered Level 5 of the Realm of Zot
 61983 | Zot:5    | Noticed an ancient lich
 61988 | Zot:5    | Killed an ancient lich
 62006 | Zot:5    | Noticed a Killer Klown
 62016 | Zot:5    | Noticed a Killer Klown
 62018 | Zot:5    | Noticed a Killer Klown
 62020 | Zot:5    | Noticed a Killer Klown
 62021 | Zot:5    | Noticed a Killer Klown
 62023 | Zot:5    | Noticed an orb of fire
 62029 | Zot:5    | Killed a Killer Klown
 62030 | Zot:5    | Killed a Killer Klown
 62031 | Zot:5    | Killed a Killer Klown
 62031 | Zot:5    | Killed a Killer Klown
 62031 | Zot:5    | Killed an orb of fire
 62032 | Zot:5    | Reached skill level 27 in Stealth
 62032 | Zot:5    | Noticed a Killer Klown
 62038 | Zot:5    | Noticed an orb of fire
 62049 | Zot:5    | Killed an orb of fire
 62051 | Zot:5    | Killed a Killer Klown
 62073 | Zot:5    | Killed a Killer Klown
 62363 | Zot:5    | Noticed an ancient lich
 62367 | Zot:5    | Noticed an orb of fire
 62367 | Zot:5    | Gained mutation: Your magical capacity is low. (-10% MP)
                  | [an orb of fire]
 62368 | Zot:5    | Gained mutation: You sometimes lose your temper in combat.
                  | [an orb of fire]
 62370 | Zot:5    | Killed an ancient lich
 62377 | Zot:5    | Killed an orb of fire
 62379 | Zot:5    | Noticed an orb of fire
 62383 | Zot:5    | Noticed a Killer Klown
 62383 | Zot:5    | Gained mutation: Your magical capacity is very low. (-20%
                  | MP) [an orb of fire]
 62388 | Zot:5    | Noticed a Killer Klown
 62392 | Zot:5    | Killed an orb of fire
 62392 | Zot:5    | Noticed a Killer Klown
 62394 | Zot:5    | Noticed a Killer Klown
 62397 | Zot:5    | Killed a Killer Klown
 62425 | Zot:5    | Noticed an ancient lich
 62441 | Zot:5    | Killed an ancient lich
 62656 | Zot:5    | Killed a Killer Klown
 62659 | Zot:5    | Noticed an ancient lich
 62663 | Zot:5    | Killed a Killer Klown
 62664 | Zot:5    | Killed a Killer Klown
 62678 | Zot:5    | Killed an ancient lich
 63766 | Zot:5    | Lost mutation: Armour fits poorly on your strangely shaped
                  | body. [potion of mutation]
 63766 | Zot:5    | Lost mutation: You are weak. (Str -2) [potion of mutation]
 63766 | Zot:5    | Lost mutation: You are vulnerable to heat. (rF-) [potion of
                  | mutation]
 63766 | Zot:5    | Lost mutation: You are very clumsy. (Dex -4) [potion of
                  | mutation]
 63766 | Zot:5    | Gained mutation: You occasionally lose the ability to drink
                  | potions when taking damage. [potion of mutation]
 63766 | Zot:5    | Gained mutation: You have large cloven feet. [potion of
                  | mutation]
 63767 | Zot:5    | Lost mutation: Potions are less effective at restoring your
                  | health. [potion of mutation]
 63767 | Zot:5    | Lost mutation: You are vulnerable to cold. (rC-) [potion of
                  | mutation]
 63767 | Zot:5    | Lost mutation: Your magical capacity is very low. (-20% MP)
                  | [potion of mutation]
 63767 | Zot:5    | Gained mutation: You have a pair of small antennae on your
                  | head. [potion of mutation]
 63767 | Zot:5    | Gained mutation: You passively map a small area around you.
                  | [potion of mutation]
 63767 | Zot:5    | Gained mutation: You passively dampen the noise of your
                  | surroundings. [potion of mutation]
 63768 | Zot:5    | Lost mutation: You are clumsy. (Dex -2) [potion of
                  | mutation]
 63768 | Zot:5    | Lost mutation: You occasionally lose the ability to drink
                  | potions when taking damage. [potion of mutation]
 63768 | Zot:5    | Lost mutation: You have large cloven feet. [potion of
                  | mutation]
 63768 | Zot:5    | Gained mutation: You do not regenerate when monsters are
                  | visible. [potion of mutation]
 63768 | Zot:5    | Gained mutation: You have sharp toenails. [potion of
                  | mutation]
 63769 | Zot:5    | Lost mutation: You sometimes lose your temper in combat.
                  | [potion of mutation]
 63769 | Zot:5    | Lost mutation: You have sharp toenails. [potion of
                  | mutation]
 63769 | Zot:5    | Gained mutation: Your body sometimes deteriorates upon
                  | taking damage. [potion of mutation]
 63769 | Zot:5    | Gained mutation: You are agile. (Dex +4, Str/Int -1)
                  | [potion of mutation]
 63770 | Zot:5    | Lost mutation: Your body sometimes deteriorates upon taking
                  | damage. [potion of mutation]
 63770 | Zot:5    | Lost mutation: You are agile. (Dex +4, Str/Int -1) [potion
                  | of mutation]
 63770 | Zot:5    | Gained mutation: Your mind is acute. (Int +4, Str/Dex -1)
                  | [potion of mutation]
 63770 | Zot:5    | Gained mutation: You occasionally shout uncontrollably at
                  | your foes. [potion of mutation]
 63770 | Zot:5    | Gained mutation: You are frail. (-10% HP) [potion of
                  | mutation]
 63771 | Zot:5    | Lost mutation: You do not regenerate when monsters are
                  | visible. [potion of mutation]
 63771 | Zot:5    | Lost mutation: You passively dampen the noise of your
                  | surroundings. [potion of mutation]
 63771 | Zot:5    | Lost mutation: Your magical capacity is low. (-10% MP)
                  | [potion of mutation]
 63771 | Zot:5    | Gained mutation: Potions are less effective at restoring
                  | your health. [potion of mutation]
 63771 | Zot:5    | Gained mutation: You have a pair of antennae on your head.
                  | [potion of mutation]
 64216 | Orc:1    | Bought a potion of mutation for 264 gold pieces
 64216 | Orc:1    | Bought 2 potions of berserk rage for 330 gold pieces
 64386 | D:13     | Voluntarily entered the Abyss.
 64666 | Abyss:3  | Found a corrupted altar of Lugonu.
 64679 | Abyss:3  | Found a corrupted altar of Lugonu.
 64854 | Abyss:3  | Found a corrupted altar of Lugonu.
 64862 | Abyss:3  | Found a corrupted altar of Lugonu.
 64887 | Abyss:3  | Found a corrupted altar of Lugonu.
 64893 | Abyss:3  | Got an abyssal rune of Zot
 64895 | Abyss:3  | Found a corrupted altar of Lugonu.
 64924 | D:13     | Escaped the Abyss
 64926 | D:13     | Voluntarily entered the Abyss.
 64930 | Abyss:3  | Found a corrupted altar of Lugonu.
 64982 | Abyss:3  | Found a corrupted altar of Lugonu.
 65690 | D:13     | Escaped the Abyss
 65857 | Pan      | Entered Pandemonium
 65857 | Pan      | Noticed Linesumn the pandemonium lord
 65863 | Pan      | Killed Linesumn the pandemonium lord
 65984 | Pan      | Reached skill level 15 in Shields
 65987 | Pan      | Gained mutation: Armour fits poorly on your strangely
                  | shaped body. [a cacodemon]
 66453 | Pan      | Noticed Korifo the pandemonium lord
 66464 | Pan      | Killed Korifo the pandemonium lord
 66473 | Pan      | Got a demonic rune of Zot
 66820 | Pan      | Noticed Xufyuz the pandemonium lord
 66844 | Pan      | Killed Xufyuz the pandemonium lord
 66898 | Pan      | Found an exit through the horrors of the Abyss.
 66992 | Pan      | Noticed Osoa the pandemonium lord
 67275 | Pan      | Reached skill level 5 in Air Magic
 67784 | Pan      | Identified the +1 pair of boots "Livogati" {rF+ rC- Int+5
                  | Stlth+}
 67787 | Pan      | Entered the realm of Cerebov.
 67934 | Pan      | Found the +6 sword of Cerebov {flame}
 67934 | Pan      | Noticed Cerebov
 68111 | Pan      | Identified the +4 ring mail of Zizxoaxi {*Corrode +Blink
                  | rC+++ MP+9}
 68237 | Pan      | Killed Cerebov
 68386 | Pan      | Identified the +4 dagger "Etain" {flame, Fly Int+4}
 68387 | Pan      | Identified the ring "Zeme" {rF++ Str+6}
 68395 | Pan      | Identified the +1 ring mail "Sessuros" {-Tele rF+ Str+4}
 68457 | Pan      | Identified the +9 falchion "Demon's Bane" {drain, rC+ Str+5
                  | Dex+4}
 68582 | Pan      | Identified the +0 helmet of Fortitude {rCorr Str+3}
 68583 | Pan      | Identified the +0 kite shield of Coduatag {rPois rC++
                  | Regen+ Str+2}
 68587 | Pan      | Identified the +5 flail of Freehold {spect, rCorr Dex+5}
 68650 | Pan      | Got a fiery rune of Zot
 68689 | Pan      | Identified the +1 quarterstaff of the Little People
                  | {freeze, rElec rC+}
 68876 | Pan      | Entered the realm of Mnoleg.
 68927 | Pan      | Gained mutation: You have hidden genetic defects. [a
                  | cacodemon]
 68933 | Pan      | Noticed Mnoleg
 68934 | Pan      | Killed Mnoleg
 68938 | Pan      | Gained mutation: You occasionally lose the ability to drink
                  | potions when taking damage. [a neqoxec]
 68941 | Pan      | Gained mutation: You sometimes lose the ability to drink
                  | potions when taking damage. [a cacodemon]
 68981 | Pan      | Gained mutation: You are weak. (Str -2) [a cacodemon]
 68985 | Pan      | Gained mutation: Your body sometimes deteriorates upon
                  | taking damage. [a cacodemon]
 68996 | Pan      | Gained mutation: You are clumsy. (Dex -2) [a neqoxec]
 69165 | Pan      | Gained mutation: Potions cannot restore your health. [a
                  | cacodemon]
 69169 | Pan      | Gained mutation: You do not regenerate when monsters are
                  | visible. [a cacodemon]
 69178 | Pan      | Gained mutation: You are very clumsy. (Dex -4) [a
                  | cacodemon]
 69230 | Pan      | Got a glowing rune of Zot
 69326 | Pan      | Entered the realm of Gloorx Vloq.
 69333 | Pan      | Lost mutation: You have hidden genetic defects. [potion of
                  | mutation]
 69333 | Pan      | Lost mutation: You are weak. (Str -2) [potion of mutation]
 69333 | Pan      | Lost mutation: You have a pair of antennae on your head.
                  | [potion of mutation]
 69333 | Pan      | Lost mutation: You do not regenerate when monsters are
                  | visible. [potion of mutation]
 69333 | Pan      | Gained mutation: Your muscles are strong. (Str +4, Int/Dex
                  | -1) [potion of mutation]
 69334 | Pan      | Lost mutation: Potions cannot restore your health. [potion
                  | of mutation]
 69334 | Pan      | Lost mutation: You occasionally shout uncontrollably at
                  | your foes. [potion of mutation]
 69334 | Pan      | Gained mutation: You do not regenerate when monsters are
                  | visible. [potion of mutation]
 69334 | Pan      | Lost mutation: You do not regenerate when monsters are
                  | visible. [potion of mutation]
 69335 | Pan      | Lost mutation: Potions are less effective at restoring your
                  | health. [potion of mutation]
 69335 | Pan      | Lost mutation: You have a pair of small antennae on your
                  | head. [potion of mutation]
 69335 | Pan      | Gained mutation: You sometimes lose your temper in combat.
                  | [potion of mutation]
 69335 | Pan      | Gained mutation: You have a pair of small antennae on your
                  | head. [potion of mutation]
 69336 | Pan      | Lost mutation: You passively map a small area around you.
                  | [potion of mutation]
 69336 | Pan      | Lost mutation: You sometimes lose your temper in combat.
                  | [potion of mutation]
 69336 | Pan      | Gained mutation: Your movements are slightly less
                  | encumbered by armour. (ER -2) [potion of mutation]
 69337 | Pan      | Lost mutation: You sometimes lose the ability to drink
                  | potions when taking damage. [potion of mutation]
 69337 | Pan      | Lost mutation: You have a pair of small antennae on your
                  | head. [potion of mutation]
 69337 | Pan      | Lost mutation: Your muscles are strong. (Str +4, Int/Dex
                  | -1) [potion of mutation]
 69337 | Pan      | Gained mutation: You are very frail. (-20% HP) [potion of
                  | mutation]
 69337 | Pan      | Gained mutation: You have a pair of small horns on your
                  | head. [potion of mutation]
 69338 | Pan      | Lost mutation: Your mind is acute. (Int +4, Str/Dex -1)
                  | [potion of mutation]
 69338 | Pan      | Lost mutation: Your movements are slightly less encumbered
                  | by armour. (ER -2) [potion of mutation]
 69704 | Pan      | Lost mutation: You are very frail. (-20% HP) [potion of
                  | mutation]
 69704 | Pan      | Lost mutation: You are frail. (-10% HP) [potion of
                  | mutation]
 69704 | Pan      | Lost mutation: Armour fits poorly on your strangely shaped
                  | body. [potion of mutation]
 69704 | Pan      | Gained mutation: Your magical capacity is low. (-10% MP)
                  | [potion of mutation]
 69704 | Pan      | Lost mutation: Your magical capacity is low. (-10% MP)
                  | [potion of mutation]
 69704 | Pan      | Lost mutation: You are very clumsy. (Dex -4) [potion of
                  | mutation]
 69994 | Pan      | Found an exit through the horrors of the Abyss.
 70488 | Pan      | Noticed Gloorx Vloq
 70493 | Pan      | Killed Gloorx Vloq
 70496 | Pan      | Got a dark rune of Zot
 70863 | Pan      | Entered the realm of Lom Lobon.
 71120 | Pan      | Noticed Lom Lobon
 71123 | Pan      | Killed Lom Lobon
 71365 | Pan      | Found an exit through the horrors of the Abyss.
 71738 | Pan      | Got a magical rune of Zot
 71869 | Depths:2 | Escaped Pandemonium
 71914 | Hell     | Entered the Vestibule of Hell
 71914 | Hell     | Noticed Geryon
 71928 | Hell     | Killed Geryon
 71930 | Hell     | Acquired a +1 eveningstar of holy wrath
 72238 | Shoals:3 | Bought a manual of Evocations for 1040 gold pieces
 72568 | Hell     | Noticed Murray
 72572 | Hell     | Killed Murray
 72645 | Hell     | Found a gateway to the ashen valley of Gehenna.
 72806 | Hell     | Found a gateway to the Iron City of Dis.
 72949 | Hell     | Found a gateway to the freezing wastes of Cocytus.
 73031 | Hell     | Reached skill level 10 in Maces & Flails
 73149 | Hell     | Found a gateway to the decaying netherworld of Tartarus.
 73549 | Crypt:1  | Entered Level 1 of the Crypt
 73691 | Crypt:1  | Found a huge runed translucent gate.
 73692 | Crypt:1  | Found a huge runed translucent gate.
 73692 | Crypt:1  | Found a huge runed translucent gate.
 73692 | Crypt:1  | Found a huge runed translucent gate.
 73692 | Crypt:1  | Found a huge runed translucent gate.
 73692 | Crypt:1  | Found a huge runed translucent gate.
 73702 | Crypt:1  | Noticed Zenata
 73718 | Crypt:1  | Killed Zenata
 74380 | Crypt:1  | Found a huge runed translucent gate.
 74380 | Crypt:1  | Found a huge runed translucent gate.
 74380 | Crypt:1  | Found a huge runed translucent gate.
 75412 | Shoals:3 | Killed Buakyke's ghost
 75841 | Crypt:3  | Entered Level 3 of the Crypt
 76284 | Crypt:2  | Noticed Bai Suzhen
 76294 | Crypt:2  | Killed Bai Suzhen
 76441 | Crypt:2  | Reached skill level 15 in Maces & Flails
 77054 | Crypt:3  | Found a staircase to the Tomb.
 77437 | Crypt:3  | Noticed an ancient lich
 77445 | Crypt:3  | Noticed an ancient lich
 77446 | Crypt:3  | Killed an ancient lich
 77452 | Crypt:3  | Killed an ancient lich
 77484 | Crypt:3  | Identified the amulet "Gasu" {Acrobat Str+3 Dex+5}
 77486 | Crypt:3  | Got the Compilation of the Autopsy
 77549 | Tomb:1   | Entered Level 1 of the Tomb of the Ancients
 77643 | Tomb:1   | Reached skill level 27 in Dodging
 78071 | Tomb:1   | Noticed a royal mummy
 78079 | Tomb:1   | Killed a royal mummy
 78253 | Tomb:1   | Noticed a royal mummy
 78266 | Tomb:1   | Killed a royal mummy
 78989 | Dis:1    | Entered Level 1 of the Iron City of Dis
 79301 | Dis:3    | Noticed a royal mummy
 79303 | Dis:3    | Killed a royal mummy
 79338 | Dis:3    | Noticed a dread lich
 79341 | Dis:3    | Killed a dread lich
 79346 | Dis:3    | Noticed an ancient lich
 79348 | Dis:3    | Killed an ancient lich
 79358 | Dis:3    | Noticed a royal mummy
 79359 | Dis:3    | Killed a royal mummy
 79363 | Dis:3    | Noticed a royal mummy
 79364 | Dis:3    | Killed a royal mummy
 79367 | Dis:3    | Noticed a royal mummy
 79368 | Dis:3    | Killed a royal mummy
 79371 | Dis:3    | Noticed a royal mummy
 79372 | Dis:3    | Killed a royal mummy
 79885 | Dis:7    | Entered Level 7 of the Iron City of Dis
 80542 | Dis:7    | Noticed Dispater
 80543 | Dis:7    | Noticed a juggernaut
 80546 | Dis:7    | Killed a juggernaut
 80548 | Dis:7    | Killed Dispater
 80588 | Dis:7    | Got Qovou's Commentary on Translocation
 80590 | Dis:7    | Got an iron rune of Zot
 80739 | Coc:1    | Entered Level 1 of Cocytus
 80834 | Coc:1    | Paralysed by a wendigo for 1 turns
 81059 | Coc:2    | Paralysed by a wendigo for 1 turns
 81175 | Coc:2    | Paralysed by a wendigo for 1 turns
 81274 | Coc:3    | Noticed a shard shrike
 81278 | Coc:3    | Noticed a shard shrike
 81278 | Coc:3    | Noticed a shard shrike
 81280 | Coc:3    | Killed a shard shrike
 81281 | Coc:3    | Noticed a shard shrike
 81283 | Coc:3    | Killed a shard shrike
 81284 | Coc:3    | Killed a shard shrike
 81288 | Coc:3    | Killed a shard shrike
 81395 | Coc:4    | You fall into a shaft and drop 2 floors!
 81425 | Coc:7    | Entered Level 7 of Cocytus
 81713 | Coc:7    | Paralysed by a wendigo for 1 turns
 81834 | Coc:7    | Noticed a shard shrike
 81837 | Coc:7    | Killed a shard shrike
 81839 | Coc:7    | Noticed a shard shrike
 81842 | Coc:7    | Noticed a shard shrike
 81843 | Coc:7    | Noticed a shard shrike
 81843 | Coc:7    | Noticed a shard shrike
 81843 | Coc:7    | Killed a shard shrike
 81844 | Coc:7    | Noticed a shard shrike
 81845 | Coc:7    | Killed a shard shrike
 81847 | Coc:7    | Killed a shard shrike
 81856 | Coc:7    | Killed a shard shrike
 81858 | Coc:7    | Killed a shard shrike
 81878 | Coc:7    | Noticed a shard shrike
 81881 | Coc:7    | Killed a shard shrike
 81971 | Coc:7    | Noticed the Serpent of Hell
 81973 | Coc:7    | Paralysed by a wendigo for 1 turns
 81983 | Coc:7    | Killed the Serpent of Hell
 82135 | Coc:7    | Noticed a shard shrike
 82138 | Coc:7    | Noticed a shard shrike
 82139 | Coc:7    | Killed a shard shrike
 82140 | Coc:7    | Noticed a shard shrike
 82142 | Coc:7    | Killed a shard shrike
 82144 | Coc:7    | Killed a shard shrike
 82594 | Coc:7    | Noticed Antaeus
 82600 | Coc:7    | Got an icy rune of Zot
 82630 | Coc:7    | Found the +11 Singing Sword {sonic wave}
 82710 | Coc:7    | Killed Antaeus
 82903 | Geh:1    | Entered Level 1 of Gehenna
 82943 | Geh:1    | Noticed an ancient lich
 82954 | Geh:1    | Killed an ancient lich
 83059 | Geh:2    | Noticed a dread lich
 83061 | Geh:2    | Killed a dread lich
 83670 | Geh:5    | You fall into a shaft and drop 1 floor!
 84020 | Geh:7    | Entered Level 7 of Gehenna
 85306 | Geh:7    | Found the +7 sceptre of Asmodeus
 85306 | Geh:7    | Noticed Asmodeus
 85308 | Geh:7    | Killed Asmodeus
 85315 | Geh:7    | Got an obsidian rune of Zot
 85327 | Geh:7    | Got the Volume of Ceraunoscopy and Pestilence
 85859 | Geh:7    | Found the +3 pair of seven-league boots {Rampage+∞}
 85871 | Geh:7    | Got Roxanne's Essays on Stones
 86173 | Tar:1    | Entered Level 1 of Tartarus
 86843 | Tar:5    | Noticed an ancient lich
 87005 | Tar:5    | Killed an ancient lich
 87006 | Tar:5    | Noticed a dread lich
 87012 | Tar:5    | Killed a dread lich
 87034 | Tar:5    | Noticed an ancient lich
 87039 | Tar:5    | Noticed a dread lich
 87042 | Tar:5    | Killed a dread lich
 87053 | Tar:5    | Noticed an ancient lich
 87057 | Tar:5    | Noticed a dread lich
 87065 | Tar:5    | Killed an ancient lich
 87069 | Tar:5    | Killed a dread lich
 87071 | Tar:5    | Killed an ancient lich
 87089 | Tar:5    | Noticed a dread lich
 87091 | Tar:5    | Noticed an ancient lich
 87091 | Tar:5    | Paralysed by a dread lich for 3 turns
 87092 | Tar:5    | Noticed an ancient lich
 87098 | Tar:5    | Killed an ancient lich
 87100 | Tar:5    | Killed an ancient lich
 87104 | Tar:5    | Killed a dread lich
 87264 | Tar:7    | Entered Level 7 of Tartarus
 87777 | Tar:7    | Reached skill level 27 in Evocations
 88585 | Tar:7    | Identified the +10 flail of Bearra Luir {antimagic, *Noise
                  | rPois rC+++ Int-5}
 88802 | Tar:7    | HP: 6/194 [poisoned by a tainted leviathan (dark miasma)]
 88885 | Tar:7    | Noticed Ereshkigal
 88900 | Tar:7    | Killed Ereshkigal
 89575 | Tar:7    | Found the +5 glaive of the Guard {elec, spectral, AC+5}
 89580 | Tar:7    | Identified the ring "Zoucaam" {rPois Will+ EV+5 Str+3}
 89656 | Tar:7    | Found the +9 staff of Wucad Mu {*channel}
 89659 | Tar:7    | Identified the +1 mace "Rampeluts" {chaos, Fly Str+3 Int+4
                  | Dex+2}
 89661 | Tar:7    | Identified the ring "Ewkin" {rN+ Str+4}
 89663 | Tar:7    | Got a bone rune of Zot
 89664 | Tar:7    | Identified the +4 halberd of Beogh's Wrath {antimagic, rC+
                  | rN+ Dex+3}
 90452 | Tomb:2   | Noticed a royal mummy
 90452 | Tomb:2   | Noticed a royal mummy
 90454 | Tomb:2   | Noticed a royal mummy
 90457 | Tomb:2   | Noticed a royal mummy
 90495 | Tomb:2   | Noticed a royal mummy
 90499 | Tomb:2   | Killed a royal mummy
 90500 | Tomb:2   | Killed a royal mummy
 90519 | Tomb:1   | Noticed a royal mummy
 90522 | Tomb:1   | Killed a royal mummy
 90522 | Tomb:1   | HP: 6/193 [something (23)]
 90563 | Tomb:1   | Noticed a royal mummy
 90570 | Tomb:1   | Noticed a royal mummy
 90574 | Tomb:1   | Noticed a royal mummy
 90574 | Tomb:1   | Noticed a royal mummy
 90577 | Tomb:1   | Killed a royal mummy
 90578 | Tomb:1   | Killed a royal mummy
 90580 | Tomb:1   | Killed a royal mummy
 90585 | Tomb:1   | Killed a royal mummy
 90629 | Tomb:1   | Noticed a royal mummy
 90631 | Tomb:1   | Killed a royal mummy
 90659 | Tomb:1   | Noticed a royal mummy
 90661 | Tomb:1   | Killed a royal mummy
 90662 | Tomb:1   | Reached skill level 27 in Fighting
 90681 | Tomb:1   | Noticed a royal mummy
 90682 | Tomb:1   | Noticed a royal mummy
 90696 | Tomb:1   | Killed a royal mummy
 90699 | Tomb:1   | Killed a royal mummy
 90751 | Tomb:1   | Noticed a royal mummy
 90827 | Tomb:1   | Killed a royal mummy
 90841 | Tomb:1   | Noticed a royal mummy
 90841 | Tomb:1   | Noticed a royal mummy
 90898 | Tomb:1   | Killed a royal mummy
 90926 | Tomb:1   | Killed a royal mummy
 90969 | Tomb:1   | Noticed a royal mummy
 90978 | Tomb:1   | Killed a royal mummy
 90989 | Tomb:1   | Noticed a royal mummy
 90990 | Tomb:1   | Noticed a royal mummy
 90993 | Tomb:1   | Noticed a royal mummy
 90997 | Tomb:1   | Noticed a royal mummy
 91002 | Tomb:1   | Killed a royal mummy
 91003 | Tomb:1   | Noticed a royal mummy
 91011 | Tomb:1   | Killed a royal mummy
 91012 | Tomb:1   | Killed a royal mummy
 91015 | Tomb:1   | Killed a royal mummy
 91016 | Tomb:1   | Killed a royal mummy
 91029 | Tomb:1   | Noticed a royal mummy
 91038 | Tomb:1   | Killed a royal mummy
 91039 | Tomb:1   | Noticed a royal mummy
 91068 | Tomb:1   | Killed a royal mummy
 91477 | Tomb:3   | Entered Level 3 of the Tomb of the Ancients
 91589 | Tomb:3   | Identified the +0 robe "Uffysem" {Archmagi}
 91591 | Tomb:3   | Identified the +0 leather armour of Taobalir {rPois rC-
                  | Int+3 Stlth+}
 91594 | Tomb:3   | Identified the +4 spear of Descent {antimagic, *Rage rCorr
                  | Int+3}
 91620 | Tomb:3   | Noticed a royal mummy
 91635 | Tomb:3   | Killed a royal mummy
 91678 | Tomb:3   | Noticed a royal mummy
 91688 | Tomb:3   | Killed a royal mummy
 91695 | Tomb:3   | Noticed a royal mummy
 91699 | Tomb:3   | Killed a royal mummy
 91707 | Tomb:3   | Noticed a royal mummy
 91715 | Tomb:3   | Killed a royal mummy
 91789 | Tomb:3   | Noticed a royal mummy
 91794 | Tomb:3   | Noticed a royal mummy
 91799 | Tomb:3   | Got a golden rune of Zot
 91814 | Tomb:3   | Killed a royal mummy
 91822 | Tomb:3   | Identified the amulet of Waujip {Reflect rN+++ Int-4 Dex-4
                  | SH+5}
 92577 | Zot:5    | Got the Orb of Zot
 92805 | Depths:1 | Noticed Zithrie the pandemonium lord
 93201 | D:$      | Escaped with the Orb!

Illustrated notes

Levels and vault maps discovered:
D:1:      doesnt_arrival_eight_statues, layout_basic
D:2:      layout_basic, serial_shops, nicolae_square_shop,
          hellmonk_ecumenical_altar_heavens_door
D:3:      layout_rooms, led_sif_book
D:4:      kb_forest_paths, layout_basic, mainiacjoe_overflow_tiny_flanked,
          kennysheep_generic_room_9, uniq_blork_the_orc, uniq_grinder
D:5:      layout_gridville, minmay_temple_entry_stoned_glass,
          minmay_crystal_room, nicolae_specific_store, serial_park_tiny_1,
          nrook_mini_backslash
D:6:      layout_loops_corners, mainiacjoe_overflow_alcove_3, st_stairs_11,
          kennysheep_generic_room_3
D:7:      layout_loops_corners, lemuel_mausoleum_altar_yredelemnul, uniq_maggie
D:8:      layout_loops_ring, nicolae_wu_jian_immortal_techniques,
          mainiacjoe_overflow_catwalk, kennysheep_little_box,
          nicolae_overflow_crystal_walls, enter_bailey_5,
          hangedman_decor_riveting
D:9:      layout_grid_maze, orc_david_3, gammafunk_ghost_necromancy
D:10:     layout_loops_ring, chequers_jeans, minivault_16, grunt_livestock,
          uniq_erolcha, uniq_joseph, uniq_gastronok, uniq_sonja
D:11:     layout_rooms, lair_entry_dummy, fedhas_altar_fruit_tree,
          uniq_josephine
D:12:     minmay_tearing_corner, layout_rooms
D:13:     layout_small_grid, david_vaults_2, gammafunk_ghost_abyssal_escape,
          minivault_16, kennysheep_generic_room_11
D:14:     layout_basic, nrook_uturn, uniq_snorg
D:15:     gammafunk_enter_depths_forms, layout_loops_ring, hex_medium,
          minivault_22, cheibrodos_worm_habitat, uniq_louise
Temple:   hellmonk_temple_divided_pantheon
Lair:1:   layout_hall_layers, nicolae_quartered_pool_impasse,
          grunt_megastairs_1, serial_bayou_shore_a, infiniplex_staircase_pool,
          uniq_fannar, uniq_grum
Lair:2:   layout_gridlike, grunt_megastairs_4, serial_bayou_shore_b,
          serial_bayou_shore_b
Lair:3:   layout_long_grid, minmay_shoals_entry_hut,
          hellmonk_spider_entry_not_the_bees
Lair:4:   layout_regular_city
Lair:5:   hellmonk_lair_end_abyssal_woods, layout_cave_pods, slime_entry_1
Shoals:1: layout_shoals, serial_shops, bzr_in_the_mist,
          nicolae_shoals_secluded_bog
Shoals:2: layout_shoals, nicolae_shoals_lost_giant_temple,
          nicolae_shoals_undead_eyrie
Shoals:3: cheibrodos_shoals_gigantism, layout_shoals, ebering_ghost_gozag,
          nicolae_shop_vocational
Shoals:4: shoals_end_hellmonk_storm_palace [storm_palace_center_square,
          storm_palace_corner_pillars, storm_palace_corner_reverse_hut,
          storm_palace_corner_narrow, storm_palace_corner_narrow]
Spider:1: layout_cave_pods, uniq_mlioglotl, uniq_azrael
Spider:2: nicolae_spider_hall_of_the_moth_king, hellmonk_motheaten_closet
Spider:3: layout_spider_delve, nicolae_spider_checkerboard
Spider:4: grunt_spider_rune_circles, drop_trap
Slime:1:  layout_caves, cheibrodos_slime_lost_civilization_4
Slime:2:  layout_caves
Slime:3:  layout_caves
Slime:4:  layout_caves
Slime:5
Orc:1:    layout_caves, basic_altar, serial_shops,
          nicolae_shop_advertising_works [nicolae_subvault_shop_adworks],
          uniq_urug
Orc:2:    st_orc_open, layout_caves
Vaults:1: v_misc_22, nicolae_vaults_triangles, v_misc_17,
          nicolae_vaults_twisting_passages, hangedman_vaults_trim,
          vaults_room_boxed, special_room_vaults [special_room_orc],
          nicolae_vaults_windows_and_doors_thing, nicolae_vaults_shelves_hall,
          nicolae_vaults_little_squares_2, ontoclasm_vaults_fault,
          ontoclasm_vaults_twist, vaults_dpeg_spiral, layout_vaults_omnibox
Vaults:2: vaults_dpeg_hooks, vaults_dpeg_diagonal, layout_vaults_omnigrid,
          uniq_xtahua
Vaults:3: hangedman_vaults_cutoff, minmay_crypt_entry_nasty_monster,
          ontoclasm_vaults_ring_small, hangedman_vaults_locks, v_misc_2,
          v_misc_13, vaults_room_fours, special_room_vaults [special_room_orc],
          vaults_dpeg_emergency_exit, layout_vaults_big_room
Vaults:4: gammafunk_the_bubble [the_bubble_gammafunk_split],
          hangedman_vaults_slither, ontoclasm_vaults_gateway, vaults_room_pools,
          v_misc_1, grunt_vaults_swirl, ontoclasm_vaults_shuriken,
          v_alt_pattern_2, layout_vaults_omnicross
Vaults:5
Crypt:1:  cheibrodos_crypt_3hun_7po, layout_chaotic_city, grunt_ministairs_6,
          grunt_crypt_arrival_split, uniq_zenata, uniq_margery
Crypt:2:  layout_rooms, nicolae_elevator_lobby_asterisk, lemuel_elevator,
          uniq_bai_suzhen
Crypt:3:  david_glass_crypt, layout_gridlike,
          nicolae_tomb_entry_unfolded_pyramid_orthogonal
Tomb:1
Tomb:2
Tomb:3
Depths:1: layout_honeycomb, hell_entry, serial_rivers,
          chequers_serial_rivers_small_3, chequers_serial_rivers_room_b,
          chequers_serial_rivers_large_b, chequers_serial_rivers_small_3,
          chequers_serial_rivers_marsh, abyss_entry_crystal,
          kennysheep_generic_room_4, uniq_mara
Depths:2: minmay_box_of_statues, layout_cave_pools, rand_demon_pan_entry_4,
          nicolae_kikubaaqudgha_miasma_corner, hell_entry, minmay_the_grid_2x2
          [minmay_the_grid_garden, minmay_the_grid_mess,
          minmay_the_grid_armoury, minmay_the_grid_prize_trominoes]
Depths:3: nicolae_terramorphic_expanse [nicolae_terramorphic_quarter,
          nicolae_terramorphic_quarter, nicolae_terramorphic_quarter,
          nicolae_terramorphic_quarter, nicolae_terramorphic_quarter,
          nicolae_terramorphic_biome, nicolae_terramorphic_biome,
          nicolae_terramorphic_biome, nicolae_terramorphic_biome],
          layout_honeycomb, enter_ziggurat_a, hell_entry,
          rand_demon_pan_entry_7, grunt_decor_mini_mirrors, abyss_entry,
          hangedman_stitches_earthworm, firewood_loft,
          infiniplex_staircase_pool_1, uniq_jory
Depths:4: evilmike_zot_entry_basic, layout_cave_shapes, rand_demon_pan_entry_1,
          hell_entry, evilmike_spriggan_trog_shrine
Hell
Dis:1:    layout_overlapping_boxes, nicolae_dis_scattering
Dis:2:    layout_subdivisions
Dis:3:    layout_jigsaw, lemuel_mystery_crypt
Dis:4:    layout_regular_city
Dis:5:    layout_subdivisions
Dis:6:    layout_subdivisions, nicolae_dis_strange_trophy_room
Dis:7:    dis_st
Geh:1:    layout_gehenna_pools_basic, nicolae_geh_fiery_graves
          [nicolae_geh_single_fiery_grave, nicolae_geh_single_fiery_grave,
          nicolae_geh_single_fiery_grave, nicolae_geh_single_fiery_grave,
          nicolae_geh_single_fiery_grave, nicolae_geh_single_fiery_grave,
          nicolae_geh_single_fiery_grave, nicolae_geh_single_fiery_grave,
          nicolae_geh_single_fiery_grave], lemuel_flamethrower_2
Geh:2:    layout_gehenna_pools_triple
Geh:3:    layout_gehenna_lava_caves
Geh:4:    layout_gehenna_pools_triple, nicolae_hells_hurtin_island
Geh:5:    layout_gehenna_pools_box
Geh:6:    nicolae_geh_erupted_tower, layout_gehenna_pools_box
Geh:7:    geh_grunt_pentagon
Coc:1:    layout_ice_bergs
Coc:2:    nicolae_coc_caina, layout_cocytus_water_paths
Coc:3:    layout_cocytus_delve, nicolae_coc_icebean_singular
          [nicolae_sub_coc_subbean]
Coc:4:    nicolae_coc_hellspring, layout_ice_bergs
Coc:6:    layout_cocytus_water_paths
Coc:7:    coc_old
Tar:1:    layout_grid_maze, nicolae_hells_seeping_fissure
Tar:2:    nicolae_tar_entranced, layout_cathedral_of_symmetry
Tar:3:    layout_grid_maze, nicolae_tar_cuneiform_bird
Tar:4:    layout_grid_maze
Tar:5:    nicolae_tar_funeral_procession, layout_cathedral_of_symmetry,
          nicolae_hells_leichenhalle
Tar:6:    layout_grid_maze
Tar:7:    tar_minmay_river
Zot:1:    lemuel_draconian_sentries_small, layout_onion_interference,
          skrybe_zot_glass_1
Zot:2:    layout_cathedral_of_symmetry
Zot:3:    kennysheep_six_static_rooms, layout_gridlike
Zot:4:    lemuel_acid_trip, layout_cathedral_of_symmetry
Zot:5:    layout_basic

Skill      XL: |  1  2  3  4  5  6  7  8  9 10 11 12 13 14 15 16 17 18 19 20 21 22 23 24 25 26 27 |
---------------+----------------------------------------------------------------------------------+-----
Fighting       | 2 6 7 8 9 10 11 12 13 27 | 27.0
Stealth        | 3 4 5 8 12 13 15 17 18 22 26 27 | 27.0
Throwing       | 1 2 |  2.0
Short Blades   | 1 3 4 6 8 10 11 12 | 12.0
Armour         | 1 3 6 7 8 |  8.0
Dodging        | 3 6 8 10 12 14 16 18 27 | 27.0
Evocations     | 4 6 7 9 10 12 15 16 27 | 27.0
Invocations    | 1 8 11 12 13 15 16 18 20 21 22 23 24 25 26 27 | 27.0
Spellcasting   | 2 |  2.0
Translocations | 3 6 8 9 |  9.0
Shields        | 1 5 9 12 13 26 | 26.8
Maces & Flails | 6 8 16 | 16.0
Air Magic      | 3 5 |  5.0

Action                     |  1- 3 |  4- 6 |  7- 9 | 10-12 | 13-15 | 16-18 | 19-21 | 22-24 | 25-27 || total
---------------------------+-------+-------+-------+-------+-------+-------+-------+-------+-------++-------
  Melee: Club              |   119 |       |       |       |       |   754 |       |       |       ||   873
         Punch             |     2 |     2 |     6 |    14 |     1 |       |       |       |       ||    25
         Dagger            |    75 |    85 |   148 |   230 |       |       |       |       |       ||   538
         Short sword       |       |       |       |   352 |  1009 |       |       |       |       ||  1361
         Quick blade       |       |       |       |       |   127 |   746 |  1123 |   781 |  5044 ||  7821
         Eveningstar       |       |       |       |       |       |       |       |       |  2480 ||  2480
         Headbutt          |       |       |       |       |       |       |       |       |  1571 ||  1571
  Throw: Dart              |       |       |       |     6 |    20 |     3 |       |       |     2 ||    31
   Cast: Vhi's Electric Ch |       |       |       |       |       |       |       |     1 |   108 ||   109
 Invoke: Stomp             |       |       |     5 |    57 |    73 |    96 |    44 |    39 |   356 ||   670
         Line Pass         |       |       |       |     3 |     6 |     1 |     3 |     9 |    50 ||    72
         Grand Finale      |       |       |       |       |     2 |       |     1 |     2 |    32 ||    37
Ability: Evoke Blink       |       |       |       |       |       |       |       |       |     4 ||     4
  Evoke: Wand              |     3 |     5 |     1 |    12 |     8 |    30 |       |       |    20 ||    79
         Lightning rod     |       |       |       |       |     2 |     2 |     1 |       |       ||     5
         Box of beasts     |       |       |       |       |     1 |     4 |       |       |     9 ||    14
         Tin of tremorston |       |       |       |       |       |       |       |     2 |    15 ||    17
         Condenser vane    |       |       |       |       |       |       |       |       |     9 ||     9
         Horn of Geryon    |       |       |       |       |       |       |       |       |     5 ||     5
         Phial of floods   |       |       |       |       |       |       |       |       |     5 ||     5
         Phantom mirror    |       |       |       |       |       |       |       |       |     2 ||     2
    Use: Scroll            |       |     8 |     2 |     6 |    14 |    16 |       |     4 |    45 ||    95
         Potion            |       |       |       |     1 |     3 |     8 |       |     1 |    36 ||    49
   Stab: Sleeping          |    18 |    17 |    32 |    70 |    65 |    75 |   163 |    72 |   367 ||   879
         Distracted        |       |     2 |     1 |     8 |     7 |    19 |     9 |     7 |   113 ||   166
         Paralysed         |       |       |     4 |    18 |    47 |    62 |    80 |    69 |   496 ||   776
         Confused          |       |       |       |     3 |     8 |     3 |     3 |    12 |    82 ||   111
         Held in net/web   |       |       |       |       |       |     1 |       |       |       ||     1
         Invisible         |       |       |       |       |       |       |       |       |     1 ||     1
 Armour: Leather armour    |    33 |    18 |     1 |       |       |       |       |       |       ||    52
         Robe              |       |       |    23 |    32 |       |       |       |    49 |   430 ||   534
         Scale mail        |       |       |       |    44 |   180 |   621 |   155 |     5 |       ||  1005
         Skin              |       |       |       |       |       |       |       |       |    61 ||    61
  Dodge: Dodged            |   162 |    34 |    61 |   262 |   426 |  1330 |   463 |   300 |  4502 ||  7540
  Block: Buckler           |       |       |       |       |   161 |   609 |     2 |       |       ||   772
         Kite shield       |       |       |       |       |       |       |   551 |   382 |  5848 ||  6781

Table legend: (Time is in decaauts)
 A = Elapsed time spent in this place.
 B = Non-inter-level travel time spent in this place.
 C = Inter-level travel time spent in this place.
 D = Time resting spent in this place.
 E = Time spent auto-exploring this place.
 F = Levels seen in this place.
 G = Mean time per level.
                   A        B        C        D        E       F      G
               +--------+--------+--------+--------+--------+-----+--------+
         Total |  87829 |  77981 |   9848 |   3492 |  54264 | 101 |  869.6 |
       Dungeon |  20442 |  16721 |   3721 |    275 |  13627 |  15 | 1362.8 |
        Temple |     36 |     19 |     17 |      0 |      9 |   1 |   36.0 |
          Lair |   6622 |   5644 |    978 |     47 |   4683 |   5 | 1324.4 |
        Shoals |   4702 |   4157 |    545 |      0 |   3341 |   4 | 1175.5 |
   Spider Nest |   6634 |   6545 |     89 |    873 |   3744 |   4 | 1658.5 |
    Slime Pits |   3097 |   2925 |    172 |    144 |   2135 |   5 |  619.4 |
  Orcish Mines |   1484 |   1252 |    232 |    117 |    888 |   2 |  742.0 |
        Vaults |   7487 |   6319 |   1168 |    317 |   4724 |   5 | 1497.4 |
         Crypt |   3248 |   2817 |    431 |      0 |   1969 |   3 | 1082.7 |
          Tomb |   2800 |   2379 |    421 |    358 |   1054 |   3 |  933.3 |
        Depths |   5369 |   4572 |    797 |      0 |   3610 |   4 | 1342.2 |
          Hell |    901 |    725 |    176 |      0 |    352 |   1 |  901.0 |
           Dis |   1571 |   1418 |    153 |    136 |    276 |   7 |  224.4 |
       Gehenna |   3064 |   2943 |    121 |    194 |   1755 |   7 |  437.7 |
       Cocytus |   1883 |   1733 |    150 |    109 |    759 |   6 |  313.8 |
      Tartarus |   3738 |   3547 |    191 |    379 |   2019 |   7 |  534.0 |
           Zot |   7403 |   6924 |    479 |     35 |   5595 |   5 | 1480.6 |
         Abyss |   1089 |   1089 |      0 |     38 |    592 |   4 |  272.2 |
   Pandemonium |   4967 |   4967 |      0 |    184 |   2454 |  11 |  451.5 |
        Bazaar |    192 |    192 |      0 |      0 |    122 |   1 |  192.0 |
        Bailey |   1091 |   1091 |      0 |    282 |    552 |   1 | 1091.0 |
               +--------+--------+--------+--------+--------+-----+--------+

Top non-repeatable levels by time:
Spider:4: 2696 daAuts
   Tar:7: 2691 daAuts
   Zot:5: 2382 daAuts
  Tomb:1: 2213 daAuts
   Geh:7: 2050 daAuts
Vaults:4: 1852 daAuts
   Zot:2: 1803 daAuts
     D:9: 1798 daAuts
  Lair:3: 1770 daAuts
     D:6: 1719 daAuts
    D:15: 1671 daAuts
    D:12: 1609 daAuts
    D:13: 1602 daAuts
Spider:3: 1583 daAuts
Vaults:1: 1580 daAuts
